Map: Newkirk Precinct TE (Void)

Players

lIIllllIIlll (INnoVation) - Winner!

  • Race: Terran Terran
  • League: Diamond
  • Spawn Location: 5:00

ShoWTimE

  • Race: Protoss Protoss
  • League: Master
  • Spawn Location: 7:00

Event: NationWars IV

VOD

Have the link to the VOD?

Description

Time

  • Played on: Jan. 21, 2017, 1:30 p.m.
  • Length: 9:19

All games in this series

Show
View Real Time Build Order
Export as new Build Order

lIIllllIIlll Terran - Winner!

Build Orders: MMM Bio 

Get SALT Encoding   

  12  0:00  SCV  
  13  0:12  SCV  
  14  0:17  Supply Depot  
  14  0:25  SCV  
  15  0:39  SCV  
  15  0:41  Barracks  
  16  0:45  Refinery  
  16  0:51  SCV  
  17  1:03  SCV  
  18  1:15  SCV  
  19  1:27  Orbital Command, Marine  
  20  1:42  Command Center  
  20  1:55  Factory  
  20  1:56  SCV  
  21  2:04  Barracks Reactor  
  21  2:08  SCV  
  22  2:09  Supply Depot  
  22  2:13  Refinery  
  22  2:20  SCV  
  23  2:32  SCV  
  24  2:40  Starport  
  24  2:41  Marine x2  
  24  2:44  SCV, Widow Mine  
  29  2:54  Orbital Command  
  29  2:56  SCV  
  30  2:59  Marine x2  
  32  3:08  SCV  
  32  3:12  Widow Mine  
  33  3:16  Medivac  
  33  3:18  Marine  
  33  3:19  Marine  
  39  3:22  SCV  
  39  3:24  SCV  
  41  3:29  Supply Depot  
  41  3:34  SCV  
  41  3:36  SCV  
  41  3:37  Marine x2  
  45  3:41  Barracks  
  45  3:43  Factory Tech Lab  
  45  3:49  SCV  
  45  3:50  SCV  
  45  3:52  Supply Depot  
  47  3:56  Marine  
  47  3:57  Marine  
  47  4:02  SCV x2  
  51  4:07  Viking  
  53  4:12  Barracks  
  53  4:16  Factory Reactor  
  53  4:19  SCV x2  
  53  4:23  Marine x2  
  57  4:27  Supply Depot  
  57  4:29  Engineering Bay  
  57  4:31  SCV  
  57  4:32  SCV  
  59  4:39  Starport Reactor  
  59  4:40  Stimpack  
  59  4:41  Marine x3  
  58  4:46  SCV x2  
  58  4:50  Supply Depot, Refinery  
  60  4:57  Terran Infantry Weapons Level 1  
  60  4:58  SCV  
  60  4:59  Barracks Tech Lab, SCV  
  60  5:00  Marine x3  
  60  5:04  Refinery  
  63  5:10  Supply Depot  
  63  5:11  SCV x2  
  63  5:14  Widow Mine x2  
  65  5:16  Combat Shields  
  66  5:22  Marine x3  
  66  5:23  Marine  
  70  5:28  Medivac  
  70  5:29  Medivac  
  70  5:32  SCV  
  70  5:33  SCV  
  70  5:34  Supply Depot  
  76  5:40  Marine x4  
  76  5:42  Widow Mine x2  
  80  5:47  Missile Turret  
  84  5:50  Missile Turret  
  84  5:54  Supply Depot  
  84  5:57  Supply Depot  
  84  6:01  Medivac x2  
  84  6:04  Marine x4  
  88  6:08  SCV x2  
  93  6:15  Widow Mine x2  
  93  6:16  Supply Depot, Liberator x2  
  97  6:20  Supply Depot  
  97  6:22  SCV x2  
  97  6:23  Marine  
  97  6:24  Marine  
  97  6:25  Marine x2  
  109  6:44  Widow Mine x2  
  109  6:46  Supply Depot  
  113  6:51  Terran Infantry Armor Level 1  
  111  6:54  Marine  
  111  6:55  Marauder x2, Marine  
  111  6:56  Concussive Shells  
  111  6:59  Liberator  
  117  7:03  Missile Turret  
  114  7:09  Supply Depot  
  114  7:12  Widow Mine x2  
  120  7:24  Missile Turret  
  120  7:26  Marauder x2  
  120  7:27  Supply Depot  
  120  7:29  Marine x2  
  106  7:45  Liberator x2  
  106  7:47  Marauder x2, Marine x2  
  106  7:49  Widow Mine x2  
  97  8:05  Marine x2  
  100  8:09  Marauder x2  
  103  8:17  Widow Mine x2  
  103  8:24  Marine x2  
  103  8:30  Marauder x2  
  107  8:37  Command Center  
  107  8:41  Barracks  
  107  8:42  Barracks  
  107  8:46  Widow Mine x2  
  111  8:52  Marauder x2  
  111  8:55  Marine x2  
Show
View Real Time Build Order
Export as new Build Order

ShoWTimE Protoss 

Build Orders: 1 Gate Expand, Oracle Opening, Phoenix Opening 

Get SALT Encoding   

  12  0:00  Probe (Chrono Boost)  
  13  0:11  Probe (Chrono Boost)  
  14  0:18  Pylon  
  14  0:22  Probe (Chrono Boost)  
  15  0:36  Probe (Chrono Boost)  
  15  0:37  Gateway  
  16  0:43  Assimilator  
  16  0:46  Probe (Chrono Boost)  
  17  0:57  Probe (Chrono Boost)  
  18  1:08  Probe (Chrono Boost)  
  19  1:23  Nexus, Probe (Chrono Boost)  
  20  1:35  Cybernetics Core  
  20  1:37  Probe (Chrono Boost)  
  21  1:43  Assimilator  
  21  1:48  Probe (Chrono Boost)  
  21  1:53  Pylon  
  22  1:58  Probe (Chrono Boost)  
  23  2:08  Adept  
  23  2:11  Warp Gate  
  23  2:13  Probe (Chrono Boost)  
  26  2:25  Probe (Chrono Boost)  
  26  2:29  Stargate  
  27  2:31  Adept  
  27  2:34  Probe (Chrono Boost)  
  31  2:37  Probe (Chrono Boost)  
  31  2:45  Probe (Chrono Boost)  
  31  2:49  Probe (Chrono Boost)  
  33  2:56  Mothership Core (Chrono Boost)  
  35  3:00  Probe (Chrono Boost)  
  36  3:10  Probe (Chrono Boost)  
  37  3:14  Probe (Chrono Boost), Oracle  
  37  3:19  Pylon  
  41  3:23  Probe (Chrono Boost)  
  41  3:24  Gateway  
  41  3:25  Probe (Chrono Boost)  
  43  3:28  Gateway  
  43  3:31  Adept  
  46  3:35  Probe (Chrono Boost)  
  46  3:39  Pylon  
  46  3:42  Assimilator  
  46  3:43  Probe (Chrono Boost)  
  46  3:47  Phoenix  
  46  3:48  Probe (Chrono Boost)  
  48  3:53  Probe (Chrono Boost)  
  51  4:00  Probe (Chrono Boost)  
  52  4:04  Probe (Chrono Boost)  
  52  4:09  Phoenix  
  53  4:12  Probe (Chrono Boost)  
  53  4:13  Pylon  
  53  4:14  Probe (Chrono Boost)  
  54  4:24  Probe (Chrono Boost)  
  54  4:25  Probe (Chrono Boost)  
  55  4:34  Phoenix  
  55  4:35  Probe (Chrono Boost)  
  55  4:36  Probe (Chrono Boost)  
  59  4:46  Probe (Chrono Boost)  
  59  4:47  Nexus  
  59  4:48  Probe (Chrono Boost)  
  59  4:50  Pylon  
  61  4:56  Probe (Chrono Boost)  
  63  5:00  Probe (Chrono Boost)  
  63  5:04  Robotics Facility  
  63  5:07  Probe (Chrono Boost), Assimilator  
  64  5:12  Probe (Chrono Boost)  
  67  5:17  Probe (Chrono Boost)  
  66  5:24  Probe (Chrono Boost), Twilight Council  
  66  5:27  Forge  
  66  5:28  Probe (Chrono Boost)  
  68  5:32  Adept x2, Sentry  
  75  5:37  Probe (Chrono Boost)  
  75  5:39  Probe (Chrono Boost)  
  76  5:47  Protoss Ground Weapons Level 1  
  76  5:49  Probe x2 (Chrono Boost), Resonating Glaives  
  78  5:52  Gateway x2  
  78  5:55  Gateway  
  78  5:57  Observer  
  78  6:01  Probe x2 (Chrono Boost)  
  81  6:08  Gateway  
  81  6:09  Gateway  
  81  6:13  Phoenix  
  81  6:16  Sentry  
  85  6:22  Pylon  
  85  6:24  Probe x3 (Chrono Boost)  
  88  6:32  Adept x2  
  92  6:36  Immortal  
  92  6:39  Pylon  
  92  6:40  Phoenix  
  92  6:43  Adept  
  92  6:45  Pylon  
  100  6:56  Pylon  
  100  7:00  Adept x3  
  106  7:04  Adept x2  
  106  7:07  Phoenix  
  112  7:08  Pylon  
  112  7:13  Pylon  
  112  7:22  Adept  
  112  7:23  Adept x4  
  122  7:30  Adept x3  
  122  7:32  Phoenix  
  101  7:44  Adept x5  
  89  7:56  Adept x3  
  68  8:07  Adept x5, Mothership Core (Chrono Boost)  
  70  8:17  Adept x2  
  70  8:18  Adept  
  62  8:27  Stalker x3  
  62  8:28  Observer  
  62  8:29  Adept x2  
  69  8:38  Adept  
  69  8:39  Adept x2  
  75  8:49  Adept x2  
  75  8:52  Adept x3  
  85  9:07  Adept x2  
  85  9:08  Adept  
  69  9:12  Adept x3  
Tags
 
Add a new tag
Caveats
  • Supply blocks, unpowered buildings, or Contaminate may cause inaccurate times.
  • Supply counts are checked every 10 seconds.